 Dungeon Crawl Stone Soup version 0.30-a0-166-g5d06c95188 (webtiles) character file.

Game seed: 347906133065145721

95 qw the Chopper (level 4, -10/28 HPs)
             Began as a Gargoyle Fighter on Sept 28, 2022.
             Killed by divine providence
             ... invoked by an orc priest
              (17 damage)
             ... on level 3 of the Dungeon.
             The game lasted 00:00:50 (2071 turns).

qw the Chopper (Gargoyle Fighter)                   Turns: 2071, Time: 00:00:50

Health: -10/28     AC: 13    Str: 21    XL:     4   Next: 66%
Magic:  4/4        EV:  7    Int:  9    God:
Gold:   150        SH:  5    Dex: 15    Spells: 3/3 levels left

rFire   + . .      SeeInvis .    Y - +0 war axe
rCold   . . .      Faith    .    c - +0 buckler
rNeg    + . .      Spirit   .    h - +0 chain mail
rPois   inf        Reflect  .    (no helmet)
rElec   +          Harm     .    i - +0 cloak
rCorr   .          Rampage  .    (no gloves)
Will    .....                    (no boots)
Stlth   ..........               (no amulet)
HPRegen 0.09/turn                l - +6 ring of dexterity
MPRegen 0.09/turn                b - ring of protection from fire

@: no status effects
A: sickness immunity, AC +3, negative energy resistance 1, electricity
resistance, torment resistance 1, petrification resistance
a: no special abilities


You were on level 3 of the Dungeon.
You visited 1 branch of the dungeon, and saw 3 of its levels.

You collected 150 gold pieces.


Innate Abilities, Weirdness & Mutations

You are immune to sickness and miasma.
Your stone body is resilient. (AC +3)
You are immune to poison.
You resist negative energy. (rN+)
You are resistant to electric shocks. (rElec)
You are resistant to unholy torment.
You are immune to petrification.


   Skills:
 - Level 3.2 Fighting
 - Level 4.1 Axes
 - Level 3.2 Armour
 + Level 0.9 Dodging
 - Level 3.2 Shields


You had 3 spell levels left.
You didn't know any spells.
Your spell library was empty.

Inventory:

Hand Weapons
 e - the +6 mace "Padwel" {vorpal, rElec rCorr MP-9}
   (You found it on level 2 of the Dungeon)

   It inflicts extra damage upon your enemies.
   rElec:     It insulates you from electricity.
   MP:        It affects your magic capacity (-9).
   rCorr:     It protects you from acid and corrosion.
 g - a +2 vampiric whip
 Y - a +0 war axe (weapon)
Armour
 c - a +0 buckler (worn)
 h - a +0 chain mail (worn)
 i - a +0 cloak (worn)
Jewellery
 b - a ring of protection from fire (right hand)
 k - a ring of resist corrosion
 l - a +6 ring of dexterity (left hand)
Scrolls
 a - a scroll of identify
 f - a scroll of vulnerability {unknown}
 j - a scroll of torment {unknown}
Potions
 d - 2 potions of might

Dungeon Overview and Level Annotations

Branches:
Dungeon (3/15)

Altars:
Vehumet


Message History

You miss the adder. You hit the rat.
You kill the rat!
The adder bites you but does no damage.
You slash the adder!
You kill the adder!
An endoplasm comes into view.
The endoplasm quivers.
You slash the endoplasm!
You kill the endoplasm!
Found a scroll of immolation.
j - a scroll labelled WEODUYROYM You now have 150 gold pieces (gained 11).
k - a +1 hand axe of distortion
2044 ||| DROPPING +1 hand axe of distortion.
You drop a +1 hand axe of distortion.
An orc priest comes into view.
It is wielding a +0 short sword of draining.
Found 20 gold pieces.
The orc priest shouts!
You hear a shout! x2
Enter note:
2064 ||| Stepping ~*~*~tactically~*~*~ (hiding).
k - a ring of resist corrosion You start waiting.
A hobgoblin comes into view.
An orc priest comes into view. It is wielding a +0 mace.
An orc comes into view. It is wielding a +0 dagger.
The orc shouts!
You hear a shout!
You closely miss the orc priest. You slash the orc priest!
The orc priest hits you but does no damage.
The orc priest hits you with a +0 short sword of draining.
You closely miss the orc priest.
The orc priest is severely wounded.
You hit the orc priest.
The orc priest calls down the wrath of Beogh upon you.
Beogh smites you!
Ouch! That really hurt!
The orc priest hits you but does no damage.
The orc priest mumbles some strange prayers to Beogh against you.
Beogh smites you!
Ouch! That really hurt!
You die...

... #.. #.# #.# #.#
..#.###.# .....ooo# #
#@# #.
$o####.############.###
..................#.#.#.
##g####........#.~...~..
......#####.##.#.#.#.
#####.# #.#...~...~
#.#####.##?#.#.#.
#.........~...~..
...#####..#.#.#.#.


You could see 2 orc priests and an orc.

Vanquished Creatures
  4 adders
  A bat (D:3)
  5 endoplasms
  6 goblins
  5 hobgoblins
  10 jackals
  3 quokkas
  3 ball pythons
  5 frilled lizards
  7 kobolds
  6 rats
55 creatures vanquished.

Notes
Turn   | Place    | Note
-------+----------+-------------------------------------------
     0 | D:1      | qw the Gargoyle Fighter began the quest for the Orb.
     0 | D:1      | Reached XP level 1. HP: 14/14 MP: 1/1
     0 | D:1      | 0 ||| qw: Version: 0.2-a-12-gaebbb33
     0 | D:1      | 0 ||| qw: Game counter: 995
     0 | D:1      | 0 ||| qw: Always use a shield: true
     0 | D:1      | 0 ||| qw: God list: Okawaru
     0 | D:1      | 0 ||| qw: Allow faded altars: false
     0 | D:1      | 0 ||| qw: Do Orc after D:15 true
     0 | D:1      | 0 ||| qw: Do second Lair branch before Depths: true
     0 | D:1      | 0 ||| qw: Lair rune preference: random
     0 | D:1      | 0 ||| qw: Plans: Normal, Zot:1-4, God:TSO, Crypt, Tomb,
                  | Pan, Slime:5, Hells, Abyss, Orb
     0 | D:1      | 0 ||| PLANNING D:1-11
    21 | D:1      | 21 ||| Stepping ~*~*~tactically~*~*~ (stealth).
    34 | D:1      | Reached skill level 2 in Axes
   246 | D:1      | 246 ||| Stepping ~*~*~tactically~*~*~ (stealth).
   248 | D:1      | 248 ||| Stepping ~*~*~tactically~*~*~ (stealth).
   249 | D:1      | 249 ||| Stepping ~*~*~tactically~*~*~ (stealth).
   255 | D:1      | Reached XP level 2. HP: 18/19 MP: 2/2
   377 | D:1      | 377 ||| Stepping ~*~*~tactically~*~*~ (stealth).
   380 | D:1      | 380 ||| Stepping ~*~*~tactically~*~*~ (stealth).
   381 | D:1      | 381 ||| Stepping ~*~*~tactically~*~*~ (stealth).
   543 | D:1      | 543 ||| Stepping ~*~*~tactically~*~*~ (stealth).
   604 | D:1      | Reached skill level 3 in Axes
   613 | D:1      | Reached XP level 3. HP: 22/23 MP: 3/3
   761 | D:1      | 761 ||| UPGRADING to +0 chain mail.
   771 | D:1      | 771 ||| DROPPING +0 scale mail.
   772 | D:1      | 772 ||| UPGRADING to +0 cloak.
   777 | D:1      | 777 ||| UPGRADING to +6 ring of dexterity.
   778 | D:1      | 778 ||| READING 3 scrolls labelled FUEHIKHIW QOHO.
   779 | D:1      | 779 ||| READING scroll labelled MIOLARA REUGEI.
   780 | D:1      | 780 ||| READING scroll labelled NOIGIEPSYXT.
   781 | D:1      | 781 ||| READING scroll labelled KOZUEG GOSK.
   996 | D:2      | 996 ||| Stepping ~*~*~tactically~*~*~ (stealth).
   997 | D:2      | 997 ||| Stepping ~*~*~tactically~*~*~ (stealth).
  1167 | D:2      | Identified the +6 mace "Padwel" {vorpal, rElec rCorr MP-9}
  1169 | D:2      | 1169 ||| DROPPING +0 whip.
  1252 | D:2      | 1252 ||| Stepping ~*~*~tactically~*~*~ (stealth).
  1253 | D:2      | 1253 ||| Stepping ~*~*~tactically~*~*~ (stealth).
  1267 | D:2      | Found a faded altar of an unknown god.
  1310 | D:2      | Reached XP level 4. HP: 28/28 MP: 4/4
  1329 | D:2      | 1329 ||| Stepping ~*~*~tactically~*~*~ (stealth).
  1334 | D:2      | 1334 ||| Stepping ~*~*~tactically~*~*~ (stealth).
  1357 | D:2      | 1357 ||| Stepping ~*~*~tactically~*~*~ (stealth).
  1360 | D:2      | 1360 ||| Stepping ~*~*~tactically~*~*~ (stealth).
  1708 | D:2      | 1708 ||| UPGRADING to ring of protection from fire.
  1709 | D:2      | 1709 ||| READING 2 scrolls labelled QUOTAZ JOYLO.
  1710 | D:2      | 1710 ||| READING 2 scrolls of identify.
  1710 | D:2      | 1710 ||| IDENTIFYING sapphire potion
  1711 | D:2      | 1711 ||| DROPPING potion of ambrosia.
  1712 | D:2      | 1712 ||| DROPPING scroll of immolation.
  1773 | D:3      | 1773 ||| Stepping ~*~*~tactically~*~*~ (stealth).
  1779 | D:3      | Reached skill level 4 in Axes
  1890 | D:3      | Found a radiant altar of Vehumet.
  1927 | D:3      | 1927 ||| Stepping ~*~*~tactically~*~*~ (stealth).
  1966 | D:3      | 1966 ||| Stepping ~*~*~tactically~*~*~ (stealth).
  2044 | D:3      | 2044 ||| DROPPING +1 hand axe of distortion.
  2064 | D:3      | 2064 ||| Stepping ~*~*~tactically~*~*~ (hiding).
  2071 | D:3      | HP: 7/28 [orc priest/divine providence (16)]
  2071 | D:3      | Killed from afar by an orc priest

Levels and vault maps discovered:
D:1:      minmay_arrival_hallway, layout_rooms, minmay_split_cup_small
D:2:      layout_basic, hellmonk_ecumenical_altar_leap_of_faith
D:3:      layout_loops_ring, nicolae_elyvilon_temple_path, vehumet_crystals,
          kennysheep_crisscross

Skill      XL: |  1  2  3  4 |
---------------+-------------+-----
Axes           | 2 3 4 |  4.1
Fighting       | |  3.2
Armour         | |  3.2
Dodging        | |  0.9
Shields        | |  3.2

Action                   |  1- 3 |  4- 6 || total
-------------------------+-------+-------++-------
Melee: War axe           |   102 |    45 ||   147
  Use: Scroll            |     4 |     2 ||     6
Armor: Scale mail        |    32 |       ||    32
       Chain mail        |    23 |    25 ||    48
Dodge: Dodged            |    40 |    10 ||    50
Block: Buckler           |    22 |     4 ||    26

Table legend:
 A = Non-vault XP
 B = Vault XP
 C = Vault XP percentage of total XP
 D = Non-vault monster count
 E = Vault monster count
 F = Vault count percentage of total count
                 A         B        C        D         E       F
            +---------+---------+-------+---------+---------+-------
      Total |     131 |       6 |   4.4 |      52 |       3 |   5.5
            +---------+---------+-------+---------+---------+-------
        D:1 |      30 |       6 |  16.7 |      20 |       3 |  13.0
        D:2 |      61 |       0 |   0.0 |      22 |       0 |   0.0
        D:3 |      40 |       0 |   0.0 |      10 |       0 |   0.0
            +---------+---------+-------+---------+---------+-------
